 Dungeon Crawl Stone Soup version 0.31.0-1-g2c135a008e (webtiles) character file.

Game seed: 7597467160537488533

142 qw the Shooter (level 5, -1/40 HPs)
             Began as a Djinni Hunter on Jan 23, 2024.
             Slain by a scorpion (4 damage)
             ... on level 4 of the Dungeon.
             The game lasted 00:00:07 (2488 turns).

qw the Shooter (Djinni Hunter)                      Turns: 2488, Time: 00:00:08

Health: -1/40      AC:  5    Str: 10      XL:     5   Next: 50%
Gold:   174        EV: 10    Int: 10      God:
                   SH:  0    Dex: 16 (19)

rFire   + + .        a - +0 shortbow
rCold   x . .        (shield currently unavailable)
rNeg    . . .        e - +0 ring mail
rPois   inf          (no helmet)
rElec   .            (no cloak)
rCorr   .            (no gloves)
SInv    .            (boots unavailable)
Will    +....        (no amulet)
Stlth   +            d - ring of willpower
HPRegen 0.26/turn    (no ring)
MPRegen 0.00/turn

%: infuse magic (-2 HP)
@: flying
A: sickness immunity, fire resistance 2, cold vulnerability 1, float, innate
caster, HP casting, extra vitality 1
a: no special abilities


You were on level 4 of the Dungeon.
You visited 1 branch of the dungeon, and saw 4 of its levels.

You collected 174 gold pieces.


Innate Abilities, Weirdness & Mutations

You are immune to sickness and miasma.
You are immune to poison.
Your flesh is very heat resistant. (rF++)
You are vulnerable to cold. (rC-)
You float through the air rather than walking.
You learn spells naturally, not from books.
Your magical power is your life essence.
You have superior vitality. (+4 MHP)


   Skills:
 - Level 3.4 Fighting
 + Level 4.2 Ranged Weapons
 - Level 2.0 Armour
 - Level 2.1 Dodging
 - Level 0.7 Stealth


You knew the following spells:

 Your Spells              Type           Power      Damage    Failure   Level
a - Summon Small Mammal   Summ           0%         N/A       67%         1
b - Ensorcelled Hibernat  Hex/Ice        0%         N/A       82%         2
Your spell library was empty.

Inventory:

Hand Weapons
 a - a +0 shortbow (weapon)
Armour
 e - a +0 ring mail (worn)
Jewellery
 b - a ring of fire
 d - a ring of willpower (left hand)
Potions
 f - a potion of mutation {unknown}
 h - a potion of lignification {unknown}
 j - a potion of might

Dungeon Overview and Level Annotations

Branches:
Dungeon (4/15)
 Temple: D:4-7

Altars:

Shops:
D:3 (


Message History

The arrow hits the scorpion but does no damage.
The scorpion is heavily wounded.
The scorpion closely misses you. The scorpion stings you.
You shoot an arrow.
The arrow hits the scorpion but does no damage.
The scorpion is heavily wounded.
The scorpion stings you but does no damage.
You shoot an arrow. The arrow hits the scorpion.
The scorpion is heavily wounded.
The scorpion closely misses you. The scorpion stings you.
You shoot an arrow. The arrow barely misses the scorpion.
The scorpion stings you! The scorpion closely misses you.
You shoot an arrow. The arrow closely misses the scorpion.
The scorpion stings you.
You shoot an arrow.
The arrow hits the scorpion but does no damage.
The scorpion is heavily wounded.
The scorpion stings you. The scorpion closely misses you.
You shoot an arrow. The arrow closely misses the scorpion.
The scorpion stings you.
You shoot an arrow.
The arrow hits the scorpion but does no damage.
The scorpion is heavily wounded.
The scorpion closely misses you. The scorpion stings you.
You shoot an arrow. The arrow barely misses the scorpion.
The scorpion stings you. The scorpion closely misses you.
You shoot an arrow.
The arrow hits the scorpion but does no damage.
The scorpion is heavily wounded.
The scorpion stings you but does no damage.
You shoot an arrow. The arrow hits the scorpion.
The scorpion is severely wounded.
The scorpion closely misses you. The scorpion completely misses you.
You shoot an arrow. The arrow closely misses the scorpion.
The scorpion closely misses you.
You shoot an arrow.
The arrow hits the scorpion but does no damage.
The scorpion is severely wounded.
The scorpion barely misses you. The scorpion stings you.
You die...

#.######.# #.# #.# #####
#......#.# #.# #.#
######.#.# #.# #.# #.#.#
#.# #.#
#.#.####.#####.##########
#...........[............
###<............########.
######.######## #. #@# #.
......s.# #. ######### ##


You could see a scorpion.

Vanquished Creatures
  2 hounds
  An iguana (D:4)
  2 dart slugs (D:1)
  An orc (D:3)
  2 bats (D:3)
  5 endoplasms
  5 giant cockroaches
  3 goblins
  7 hobgoblins
  A jackal (D:1)
  5 quokkas
  5 ball pythons
  3 frilled lizards
  3 kobolds
  7 rats
52 creatures vanquished.

Notes
Turn   | Place    | Note
-------+----------+-------------------------------------------
     0 | D:1      | qw the Djinni Hunter began the quest for the Orb.
     0 | D:1      | Reached XP level 1. HP: 18/18 MP: 0/0
     0 | D:1      | 0 ||| qw: Version: 0.3-a-135-gb77e89d
     0 | D:1      | 0 ||| qw: Game counter: 811
     0 | D:1      | 0 ||| qw: Melee chars always use a shield: true
     0 | D:1      | 0 ||| qw: God list: Okawaru
     0 | D:1      | 0 ||| qw: Allow faded altars: false
     0 | D:1      | 0 ||| qw: Do Orc after clearing Dungeon:15 true
     0 | D:1      | 0 ||| qw: Do second Lair branch before Depths: true
     0 | D:1      | 0 ||| qw: Lair rune preference: random
     0 | D:1      | 0 ||| qw: Goals: Normal
     0 | D:1      | 0 ||| PLANNING D:1-11
   194 | D:1      | Reached XP level 2. HP: 18/23 MP: 0/0
   359 | D:1      | Reached skill level 4 in Ranged Weapons
   359 | D:1      | Reached XP level 3. HP: 28/28 MP: 0/0
   359 | D:1      | Learned a level 1 spell: Summon Small Mammal
   641 | D:1      | 641 ||| READING scroll labelled TEAMECAODE.
   742 | D:1      | 742 ||| READING scroll labelled LEHACW LIEM.
   743 | D:1      | 743 ||| READING scroll labelled COUHADDODAO.
   743 | D:1      | 743 ||| IDENTIFYING fuming purple potion
   744 | D:1      | 744 ||| READING scroll labelled UBONWO NOGA.
   748 | D:1      | 748 ||| DROPPING scroll of butterflies.
   749 | D:1      | 749 ||| DROPPING potion of brilliance.
   934 | D:2      | Identified the +6 whip of Extremism {venom, Int+2}
  1026 | D:2      | Found a faded altar of an unknown god.
  1443 | D:2      | 1443 ||| UPGRADING to +0 ring mail.
  1453 | D:2      | 1453 ||| DROPPING +0 leather armour.
  1454 | D:2      | 1454 ||| UPGRADING to ring of willpower.
  1455 | D:2      | 1455 ||| DRINKING 2 yellow potions.
  1456 | D:2      | 1456 ||| DRINKING bubbling cyan potion.
  1457 | D:2      | 1457 ||| DRINKING fizzy ruby potion.
  1458 | D:2      | 1458 ||| DRINKING 2 fuming green potions.
  1464 | D:2      | 1464 ||| DROPPING potion of ambrosia.
  1653 | D:3      | Reached XP level 4. HP: 34/34 MP: 0/0
  1667 | D:3      | Found Ezatun's Antique Weapon Boutique.
  1951 | D:3      | 1951 ||| DROPPING scarf of invisibility.
  1952 | D:3      | 1952 ||| READING scroll labelled RISAANY YNLUM.
  1952 | D:3      | 1952 ||| ENCHANTING +0 shortbow.
  1953 | D:3      | 1953 ||| READING 2 scrolls labelled JOWAK ONYOSCHOJ.
  1954 | D:3      | 1954 ||| READING 2 scrolls labelled EVUDDE UBENAOP.
  2055 | D:3      | 2055 ||| DROPPING scroll of revelation.
  2056 | D:3      | 2056 ||| DROPPING scroll of silence.
  2148 | D:4      | Reached skill level 3 in Fighting
  2148 | D:4      | Reached XP level 5. HP: 26/40 MP: 0/0
  2148 | D:4      | Learned a level 2 spell: Ensorcelled Hibernation
  2294 | D:4      | HP: 8/40 [iguana (5)]
  2296 | D:4      | HP: 1/40 [iguana (8)]
  2481 | D:4      | HP: 9/40 [scorpion (3)]
  2483 | D:4      | HP: 2/40 [scorpion (4)]
  2488 | D:4      | Slain by a scorpion

Levels and vault maps discovered:
D:1:      heliophobic_arrival_henge, layout_basic, st_stairs_11
D:2:      layout_basic, hellmonk_ecumenical_altar_arch_garden,
          minmay_tree_intersection
D:3:      wander_river, layout_basic, serial_shops, nicolae_diamond_shop
D:4:      layout_loops_ring, kennysheep_mini_moat, uniq_menkaure

Skill      XL: |  1  2  3  4 |
---------------+-------------+-----
Ranged Weapons | 4 |  4.2
Armour         | 2 |  2.0
Fighting       | 3 |  3.4
Dodging        | |  2.1
Stealth        | |  0.7

Action                     |  1- 3 |  4- 6 || total
---------------------------+-------+-------++-------
   Fire: Shortbow          |   104 |    74 ||   178
    Use: Scroll            |     4 |     3 ||     7
         Potion            |     4 |       ||     4
 Armour: Leather armour    |    19 |       ||    19
         Ring mail         |       |    41 ||    41
  Dodge: Dodged            |    25 |    35 ||    60

Table legend:
 A = Non-vault XP
 B = Vault XP
 C = Vault XP percentage of total XP
 D = Non-vault monster count
 E = Vault monster count
 F = Vault count percentage of total count
                 A         B        C        D         E       F
            +---------+---------+-------+---------+---------+-------
      Total |     200 |       4 |   2.0 |      49 |       3 |   5.8
            +---------+---------+-------+---------+---------+-------
        D:1 |      32 |       4 |  11.1 |      18 |       3 |  14.3
        D:2 |      22 |       0 |   0.0 |      14 |       0 |   0.0
        D:3 |      64 |       0 |   0.0 |      13 |       0 |   0.0
        D:4 |      82 |       0 |   0.0 |       4 |       0 |   0.0
            +---------+---------+-------+---------+---------+-------
